SAA
LONG ISLAND SEAWOLVES @ YAKIMA HOPS
08/16/2024
 
TOP OF THE 1ST
Long Island Seawolves batting - Pitching for Yakima Hops : RHP Rich Wright
Pitching: RHP Rich Wright
Batting: RHB Omar Schuler 0-0: Called Strike
0-1: Ball
1-1: Foul Ball, location: 2F
1-2: Strikes out looking
Batting: LHB Keith Alexander 0-0: Ball
1-0: Ball
2-0: Ball
3-0: Base on Balls
Batting: RHB John Burton 0-0: Ball
1-0: Called Strike
1-1: Swinging Strike
1-2: Ball
2-2: Foul Ball, location: 2F
2-2: Ball
3-2: Strikes out swinging
Batting: RHB Fred Burt 0-0: SINGLE (Line Drive, 9S)
Keith Alexander to second
Runner from 2nd tries for 3rd, OUT!
Top of the 1st over - 0 run(s), 1 hit(s), 0 error(s), 1 left on base; Long Island 0 - Yakima 0
BOTTOM OF THE 1ST
Yakima Hops batting - Pitching for Long Island Seawolves : LHP Jim Unknown
Pitching: LHP Jim Unknown
Batting: RHB Mariano Sánchez 0-0: Foul Ball, location: 2F
0-1: Foul Ball, location: 2F
0-2: Ball
1-2: Ball
2-2: Ground out 5-3 (Groundball, 5L)
Batting: RHB Abraham Jacobs 0-0: Ball
1-0: Ball
2-0: Foul Ball, location: 2F
2-1: Fly out, F8 (Flyball, 8RM)
Batting: RHB José Vargas 0-0: Ball
1-0: Called Strike
1-1: Foul Ball, location: 2F
1-2: Ball
2-2: SINGLE (Line Drive, 6MD)
Batting: SHB Albert Sánchez 0-0: Called Strike
0-1: Swinging Strike
0-2: Foul Ball, location: 2F
0-2: Strikes out swinging
Bottom of the 1st over - 0 run(s), 1 hit(s), 0 error(s), 1 left on base; Long Island 0 - Yakima 0
TOP OF THE 2ND
Long Island Seawolves batting - Pitching for Yakima Hops : RHP Rich Wright
Batting: RHB Arturo Morales 0-0: Ball
1-0: Ball
2-0: Called Strike
2-1: Foul Ball, location: 2F
2-2: Strikes out swinging
Batting: RHB Manuel Martínez 0-0: Ball
1-0: Ball
2-0: Ball
3-0: Base on Balls
Batting: RHB Pedro Cruz 0-0: Ball
1-0: Ball
2-0: Ball
3-0: Called Strike
3-1: Foul Ball, location: 2F
3-2: Base on Balls
Manuel Martínez to second
Batting: RHB José Cervantes 0-0: Ground out 5-3 (Groundball, 5S)
Manuel Martínez to third
Pedro Cruz to second
Batting: RHB Rafael Canseco 0-0: Ball
1-0: Foul Ball, location: 2F
1-1: Swinging Strike
1-2: Ball
2-2: Foul Ball, location: 2F
2-2: SINGLE (Line Drive, 78S)
Manuel Martínez scores
Pedro Cruz to third
Throwing error, E7
Pedro Cruz scores
Rafael Canseco to second
Batting: RHB Omar Schuler 0-0: Called Strike
0-1: Swinging Strike
0-2: Foul Ball, location: 2F
0-2: Foul Ball, location: 2F
0-2: Ground out 6-3 (Groundball, 6)
Top of the 2nd over - 2 run(s), 1 hit(s), 1 error(s), 1 left on base; Long Island 2 - Yakima 0
BOTTOM OF THE 2ND
Yakima Hops batting - Pitching for Long Island Seawolves : LHP Jim Unknown
Batting: SHB Carlos Sánchez 0-0: Ball
1-0: Ground out 6-3 (Groundball, 6S)
Batting: RHB Vicente Rodríguez 0-0: Called Strike
0-1: Foul Ball, location: 2F
0-2: Foul Ball, location: 2F
0-2: Foul Ball, location: 2F
0-2: Ball
1-2: Strikes out swinging
Batting: SHB Orlando Villa 0-0: Swinging Strike
0-1: Ground out 4-3 (Groundball, 4)
Bottom of the 2nd over - 0 run(s), 0 hit(s), 0 error(s), 0 left on base; Long Island 2 - Yakima 0
TOP OF THE 3RD
Long Island Seawolves batting - Pitching for Yakima Hops : RHP Rich Wright
Batting: LHB Keith Alexander 0-0: Foul Ball, location: 2F
0-1: Ball
1-1: Ball
2-1: Foul Ball, location: 2F
2-2: Ball
3-2: Fly out, F7 (Flyball, 7M)
Batting: RHB John Burton 0-0: Ball
1-0: Ball
2-0: SINGLE (Line Drive, 56D)
Batting: RHB Fred Burt 0-0: Ball
1-0: Ball
2-0: Ball
3-0: Called Strike
3-1: Foul Ball, location: 2F
3-2: Base on Balls
John Burton to second
Batting: RHB Arturo Morales 0-0: Ball
1-0: Called Strike
John Burton steals 3rd base
Fred Burt to second
1-1: DOUBLE (Line Drive, 7LS)
John Burton scores
Fred Burt scores
Batting: RHB Manuel Martínez 0-0: Ball
1-0: Ball
Arturo Morales steals 3rd base
2-0: Ball
3-0: Called Strike
3-1: SINGLE (Groundball, 56D)
Arturo Morales scores
Batting: RHB Pedro Cruz 0-0: Ball
1-0: Foul Ball, location: 2F
1-1: Called Strike
1-2: Ball
2-2: Foul Ball, location: 2F
2-2: Foul Ball, location: 2F
2-2: Fly out, F4 (Popup, 4D)
Batting: RHB José Cervantes 0-0: Called Strike
0-1: Ball
1-1: Fly out, F7 (Flyball, 78M)
Top of the 3rd over - 3 run(s), 3 hit(s), 0 error(s), 1 left on base; Long Island 5 - Yakima 0
BOTTOM OF THE 3RD
Yakima Hops batting - Pitching for Long Island Seawolves : LHP Jim Unknown
Batting: SHB Esteban Lugo 0-0: Ball
1-0: Fly out, F8 (Flyball, 8LM)
Batting: SHB Luis Luquín 0-0: Called Strike
0-1: Swinging Strike
0-2: Strikes out swinging
Batting: RHB Mariano Sánchez 0-0: Ball
1-0: Fly out, F4 (Line Drive, 4)
Bottom of the 3rd over - 0 run(s), 0 hit(s), 0 error(s), 0 left on base; Long Island 5 - Yakima 0
TOP OF THE 4TH
Long Island Seawolves batting - Pitching for Yakima Hops : RHP Rich Wright
Batting: RHB Rafael Canseco 0-0: Foul Ball, location: 2F
0-1: Ball
1-1: Ball
2-1: Ball
3-1: Foul Ball, location: 2F
3-2: Ground out 6-3 (Groundball, 6M)
Batting: RHB Omar Schuler 0-0: Ball
1-0: Ground out 5-3 (Groundball, 56)
Batting: LHB Keith Alexander 0-0: Ball
1-0: Called Strike
1-1: Fly out, F9 (Flyball, 89M)
Top of the 4th over - 0 run(s), 0 hit(s), 0 error(s), 0 left on base; Long Island 5 - Yakima 0
BOTTOM OF THE 4TH
Yakima Hops batting - Pitching for Long Island Seawolves : LHP Jim Unknown
Batting: RHB Abraham Jacobs 0-0: Ball
1-0: Called Strike
1-1: Reached on error, E1 (Groundball, 13)
Batting: RHB José Vargas 0-0: Fly out, F9 (Flyball, 9LS)
Batting: SHB Albert Sánchez 0-0: Ground out 6-3 (Groundball, 6M)
Abraham Jacobs to third
Batting: SHB Carlos Sánchez 0-0: Ball
1-0: Called Strike
1-1: Fly out, F9 (Flyball, 9LM)
Bottom of the 4th over - 0 run(s), 0 hit(s), 1 error(s), 1 left on base; Long Island 5 - Yakima 0
TOP OF THE 5TH
Long Island Seawolves batting - Pitching for Yakima Hops : RHP Rich Wright
Batting: RHB John Burton Single, Error in OF, E7, batter to second base
Batting: RHB Fred Burt 0-0: Ball
1-0: Foul Ball, location: 2F
1-1: Ball
2-1: Called Strike
John Burton is caught stealing 3rd base
2-2: Strikes out swinging
Batting: RHB Arturo Morales 0-0: Foul Ball, location: 2F
0-1: Ground out 6-3 (Groundball, 6)
Top of the 5th over - 0 run(s), 1 hit(s), 1 error(s), 0 left on base; Long Island 5 - Yakima 0
BOTTOM OF THE 5TH
Yakima Hops batting - Pitching for Long Island Seawolves : LHP Jim Unknown
Batting: RHB Vicente Rodríguez 0-0: Called Strike
0-1: Swinging Strike
0-2: Ball
1-2: Foul Ball, location: 2F
1-2: Ground out 5-3 (Groundball, 5)
Batting: SHB Orlando Villa 0-0: Ball
1-0: Foul Ball, location: 2F
1-1: Swinging Strike
1-2: Foul Ball, location: 2F
1-2: Ball
2-2: Foul Ball, location: 2F
2-2: Strikes out looking
Batting: SHB Esteban Lugo 0-0: Ground out 6-3 (Groundball, 6)
Bottom of the 5th over - 0 run(s), 0 hit(s), 0 error(s), 0 left on base; Long Island 5 - Yakima 0
TOP OF THE 6TH
Long Island Seawolves batting - Pitching for Yakima Hops : RHP Rich Wright
Batting: RHB Manuel Martínez 0-0: Ball
1-0: Fly out, F8 (Flyball, 8RS)
Batting: RHB Pedro Cruz 0-0: Called Strike
0-1: Foul Ball, location: 2F
0-2: Foul Ball, location: 2F
0-2: Ball
1-2: Ball
2-2: Ground out 6-3 (Groundball, 56)
Batting: RHB José Cervantes 0-0: SINGLE (Groundball, 3D)
Pitching: LHP Cristo Perales
Batting: RHB Rafael Canseco 0-0: Ball
1-0: Fly out, F7 (Line Drive, 7LS)
Top of the 6th over - 0 run(s), 1 hit(s), 0 error(s), 1 left on base; Long Island 5 - Yakima 0
BOTTOM OF THE 6TH
Yakima Hops batting - Pitching for Long Island Seawolves : LHP Jim Unknown
Batting: SHB Luis Luquín 0-0: DOUBLE (Flyball, 7LM)
Batting: RHB Mariano Sánchez 0-0: Ball
1-0: Called Strike
1-1: Ball
2-1: Ball
3-1: Base on Balls
Batting: RHB Abraham Jacobs 0-0: Ball
1-0: Foul Ball, location: 2F
1-1: Ball
2-1: Ball
3-1: SINGLE (Groundball, 56D)
Luis Luquín to third
Mariano Sánchez to second
Runner from 3rd tries for Home, SAFE, throw made home
Mariano Sánchez to third
Abraham Jacobs to second
Batting: RHB José Vargas 0-0: Ball
1-0: Fly out, F8 (Flyball, 8LXD)
Runner from 3rd tags up, SCORES, no throw
Batting: SHB Albert Sánchez 0-0: Foul Ball, location: 2F
0-1: Foul Ball, location: 2F
0-2: Foul Ball, location: 2F
0-2: Ground out 5-3 (Groundball, 5S)
Abraham Jacobs to third
Batting: SHB Carlos Sánchez 0-0: Called Strike
0-1: Called Strike
0-2: Ground out 6-3 (Groundball, 6)
Bottom of the 6th over - 2 run(s), 2 hit(s), 0 error(s), 1 left on base; Long Island 5 - Yakima 2
TOP OF THE 7TH
Long Island Seawolves batting - Pitching for Yakima Hops : LHP Cristo Perales
Batting: RHB Omar Schuler 0-0: Called Strike
0-1: Foul Ball, location: 2F
0-2: Strikes out swinging
Batting: LHB Keith Alexander 0-0: Ball
1-0: Foul Ball, location: 2F
1-1: SINGLE (Groundball, 4MD)
Batting: RHB John Burton 0-0: Ball
1-0: Called Strike
1-1: Ball
2-1: 2-RUN HOME RUN (Flyball, 7D), Distance : 396 ft
Pitching: LHP Cisco Flores
Batting: RHB Fred Burt 0-0: Ball
1-0: Ball
2-0: Ball
3-0: Called Strike
3-1: Base on Balls
Batting: RHB Arturo Morales 0-0: Ball
1-0: Foul Ball, location: 2F
1-1: Called Strike
1-2: Strikes out looking
Batting: RHB Manuel Martínez 0-0: Called Strike
0-1: Foul Ball, location: 2F
0-2: Ball
1-2: Foul Ball, location: 2F
1-2: Ball
2-2: Foul Ball, location: 2F
2-2: Ball
3-2: Fly out, F9 (Flyball, 9M)
Top of the 7th over - 2 run(s), 2 hit(s), 0 error(s), 1 left on base; Long Island 7 - Yakima 2
BOTTOM OF THE 7TH
Yakima Hops batting - Pitching for Long Island Seawolves : LHP Jim Unknown
Batting: RHB Vicente Rodríguez 0-0: Ball
1-0: Fly out, F7 (Flyball, 78M)
Batting: SHB Orlando Villa 0-0: Called Strike
0-1: Swinging Strike
0-2: Ball
1-2: Ball
2-2: Ball
3-2: Strikes out looking
Batting: SHB Esteban Lugo 0-0: Called Strike
0-1: Hit by Pitch
Batting: SHB Luis Luquín 0-0: Fly out, F8 (Flyball, 89M)
Bottom of the 7th over - 0 run(s), 0 hit(s), 0 error(s), 1 left on base; Long Island 7 - Yakima 2
TOP OF THE 8TH
Long Island Seawolves batting - Pitching for Yakima Hops : LHP Cisco Flores
Batting: RHB Pedro Cruz 0-0: Foul Ball, location: 2F
0-1: Ball
1-1: Foul Ball, location: 2F
1-2: Ball
2-2: SINGLE (Flyball, 78S)
Pitching: RHP Sean Sanford
Batting: RHB José Cervantes 0-0: Sac Bunt - play at first, batter OUT! 2-4
Pedro Cruz to second
Batting: RHB Rafael Canseco 0-0: Ball
1-0: SINGLE (Groundball, 6MD)
Pedro Cruz to third
Runner from 3rd tries for Home, SAFE, no throw or cutoff
Batting: RHB Omar Schuler 0-0: Ball
1-0: Foul Ball, location: 2F
1-1: Ball
2-1: Ball
3-1: Base on Balls
Rafael Canseco to second
Batting: LHB Keith Alexander 0-0: Ball
1-0: Called Strike
1-1: Ball
2-1: Foul Ball, location: 2F
2-2: Ball
3-2: Fly out, F8 (Flyball, 8RM)
Batting: RHB John Burton 0-0: Ball
1-0: Foul Ball, location: 2F
1-1: Called Strike
1-2: Ball
2-2: Ball
3-2: 3-RUN HOME RUN (Flyball, 7D), Distance : 378 ft
Batting: RHB Fred Burt 0-0: Called Strike
0-1: Ball
1-1: Swinging Strike
1-2: Strikes out swinging
Top of the 8th over - 4 run(s), 3 hit(s), 0 error(s), 0 left on base; Long Island 11 - Yakima 2
BOTTOM OF THE 8TH
Yakima Hops batting - Pitching for Long Island Seawolves : LHP Jim Unknown
Batting: RHB Mariano Sánchez 0-0: Ball
1-0: Foul Ball, location: 2F
1-1: Ground out 6-3 (Groundball, 6M)
Batting: RHB Abraham Jacobs 0-0: Ball
1-0: Swinging Strike
1-1: Called Strike
1-2: SINGLE (Groundball, 4D)
Batting: RHB José Vargas 0-0: Ball
1-0: Ball
2-0: Ball
3-0: Called Strike
3-1: Grounds into double play, 6-4-3 (Groundball, 6)
Bottom of the 8th over - 0 run(s), 1 hit(s), 0 error(s), 0 left on base; Long Island 11 - Yakima 2
TOP OF THE 9TH
Long Island Seawolves batting - Pitching for Yakima Hops : RHP Sean Sanford
Pitching: RHP John Sirica
Batting: RHB Arturo Morales 0-0: Called Strike
0-1: DOUBLE (Line Drive, 7LM)
Batting: RHB Manuel Martínez 0-0: Ball
Wild Pitch!
Arturo Morales to third
1-0: Ball
2-0: Fly out, F9 (Flyball, 89S)
Batting: RHB Pedro Cruz 0-0: Ball
1-0: Swinging Strike
1-1: Called Strike
1-2: Ball
2-2: Fly out, F8 (Flyball, 8RM)
Runner from 3rd tags up, SCORES, no throw
Batting: RHB José Cervantes 0-0: Ball
1-0: Swinging Strike
1-1: Swinging Strike
1-2: Strikes out swinging
Top of the 9th over - 1 run(s), 1 hit(s), 0 error(s), 0 left on base; Long Island 12 - Yakima 2
BOTTOM OF THE 9TH
Yakima Hops batting - Pitching for Long Island Seawolves : LHP Jim Unknown
Batting: SHB Albert Sánchez 0-0: Ball
1-0: Called Strike
1-1: Foul Ball, location: 2F
1-2: Ball
2-2: SINGLE (Line Drive, 9S)
Pitching: RHP Jim Unknown
Batting: SHB Carlos Sánchez 0-0: Foul Ball, location: 2F
0-1: Swinging Strike
0-2: Ball
1-2: Foul Ball, location: 2F
1-2: Fly out, F7 (Line Drive, 7LM)
Batting: RHB Vicente Rodríguez 0-0: Called Strike
0-1: Ball
1-1: Foul Ball, location: 2F
1-2: Foul Ball, location: 2F
1-2: Ball
Wild Pitch!
Albert Sánchez to second
2-2: Ball
3-2: Fly out, F7 (Flyball, 78M)
Batting: SHB Orlando Villa 0-0: Ball
1-0: Ball
2-0: Swinging Strike
2-1: Called Strike
2-2: Ball
3-2: Strikes out swinging
Bottom of the 9th over - 0 run(s), 1 hit(s), 0 error(s), 1 left on base; Long Island 12 - Yakima 2
This league is powered by Out of the Park Baseball, the baseball management simulation game for PC, Mac and Linux
Monday, October 3rd, 2016 - OOTP Baseball 16.9 Build 39